 Dungeon Crawl Stone Soup version 0.18.1-50-g88ac8fd (webtiles) character file.

473 Gorglomux the Cudgeler (level 7, 0/52 HPs)
             Began as a Human Berserker on Oct 29, 2016.
             Was a Priest of Trog.
             Slain by an ogre
             ... wielding a +0 giant spiked club
              (12 damage)
             ... on level 5 of the Dungeon.
             The game lasted 00:06:38 (3610 turns).

Gorglomux the Cudgeler (Human Berserker)            Turns: 3610, Time: 00:06:39

Health: 0/52       AC:  9    Str: 20    XL:     7   Next: 32%
Magic:  7/7        EV:  8    Int:  7    God:    Trog [***...]
Gold:   213        SH:  0    Dex: 12    Spells: 0 memorised, 6 levels left

rFire  . . .     SeeInvis .     a - +0 mace
rCold  . . .     Gourm    .     w - +0 chain mail
rNeg   . . .     Faith    .     (no shield)
rPois  .         Spirit   .     (no helmet)
rElec  .         Dismiss  .     (no cloak)
rCorr  .         Reflect  .     (no gloves)
SustAt .         Harm     .     i - +0 pair of boots
MR     .....                    (no amulet)
Stlth  ..........               (no ring)
                                (no ring)

@: not resistant to hostile enchantments, extremely unstealthy
A: no striking features
a: Berserk, Trog's Hand, Burn Spellbooks, Renounce Religion


You were on level 5 of the Dungeon.
You worshipped Trog.
Trog was most pleased with you.
You were very hungry.

You visited 1 branch of the dungeon, and saw 5 of its levels.

You collected 213 gold pieces.

Inventory:

Hand Weapons
 a - a +0 mace (weapon)
Missiles
 k - 5 javelins (quivered)
Armour
 i - a +0 pair of boots (worn)
 w - a +0 chain mail (worn)
Wands
 t - a wand of random effects (32/48)
Scrolls
 g - a scroll of random uselessness {unknown}
 j - a scroll of remove curse {unknown}
 n - a scroll of fear {unknown}
 o - 3 scrolls of noise {unknown}
 p - 2 scrolls of amnesia {unknown}
 q - a scroll of teleportation {unknown}
 r - 2 scrolls of identify {unknown}
 u - a scroll of recharging {unknown}
 v - a scroll of fog {unknown}
 y - a scroll of enchant weapon {unknown}
Potions
 e - 4 potions of resistance {unknown}
 f - a potion of curing {unknown}
 h - 2 potions of haste {unknown}
 m - a potion of heal wounds {unknown}
 s - a potion of cancellation {unknown}
 x - a potion of lignification {unknown}
 z - a potion of brilliance {unknown}
Books
 b - a book of Callings

   Spells                             Type                      Level
   a - Summon Small Mammal            Summoning                    1
   b - Call Imp                       Summoning                    2
   c - Call Canine Familiar           Summoning                    3
   d - Summon Guardian Golem          Hexes/Summoning              3
   e - Summon Lightning Spire         Summoning/Air                4
   f - Summon Ice Beast               Ice/Summoning                4
   Trog disapproves of the use of such an item.
Comestibles
 c - 5 bread rations
 d - a slice of pizza
 l - 2 meat rations


   Skills:
 - Level 3.0 Fighting
 + Level 7.8 Maces & Flails
 - Level 2.0 Armour
 - Level 2.0 Dodging


You had 6 spell levels left.
You didn't know any spells.

Dungeon Overview and Level Annotations

Branches:
Dungeon (5/15)
 Temple: D:4-7

Altars:
Ashenzari
Elyvilon

Shops:
D:5 :


Message History

Your chain mail prevents you from hitting the ogre.
The ogre is moderately wounded.
You hit the ogre.
The ogre is moderately wounded.
The ogre closely misses you. The orc hits you with a flail.
You barely miss the ogre.
The ogre is moderately wounded.
The ogre barely misses you. The orc hits you but does no damage.
You hit the ogre.
The ogre is heavily wounded.
You hit the ogre but do no damage.
The ogre is heavily wounded.
The ogre hits you with a giant spiked club!
The orc closely misses you.
You sock the ogre!
The ogre is almost dead.
The orc hits you with a flail.
* * * LOW HITPOINT WARNING * * *
The ogre hits you with a giant spiked club!
You die...

.............# ....#
.............##....#
.#..[..............#####
.............#.....#...
...<..###..#.........#
....).#∩'.##........####
.##...###...............
. #..##..###.....o..####
................@O......
........................
......#...##.......####.
.....##.#......$...# ...
#.#...........# ..
....##........... #..#
#.........#. #..
.......#### . ..
###......


You could see an ogre and an orc.

Vanquished Creatures
  A centaur (D:4)
  A scorpion (D:4)
  A hound (D:4)
  A jelly (D:5)
  Jessica (D:2)
  Terence (D:2)
  3 worker ants (D:4)
  A hound skeleton (D:4)
  6 adders
  An ooze (D:1)
  2 adder skeletons (D:4)
  3 worms
  A dart slug (D:3)
  5 giant geckos
  5 orcs (D:3)
  5 bats
  2 giant cockroaches
  4 goblins
  7 hobgoblins
  10 jackals
  5 giant newts
  6 kobolds
  A quokka skeleton (D:5)
  9 rats
82 creatures vanquished.

Notes
Turn   | Place    | Note
--------------------------------------------------------------
     0 | D:1      | Gorglomux the Human Berserker began the quest for the Orb.
     0 | D:1      | Reached XP level 1. HP: 18/18 MP: 1/1
   263 | D:1      | Reached XP level 2. HP: 24/24 MP: 2/2
   450 | D:1      | Reached skill level 4 in Maces & Flails
   450 | D:1      | Reached XP level 3. HP: 14/29 MP: 3/3
   794 | D:1      | Reached ** piety under Trog
  1042 | D:2      | Noticed Jessica
  1057 | D:2      | Killed Jessica
  1057 | D:2      | Reached skill level 5 in Maces & Flails
  1057 | D:2      | Reached XP level 4. HP: 25/35 MP: 4/4
  1403 | D:2      | Reached XP level 5. HP: 34/41 MP: 5/5
  1441 | D:2      | Noticed Terence
  1446 | D:2      | Killed Terence
  1704 | D:3      | Reached *** piety under Trog
  2014 | D:3      | Found a white marble altar of Elyvilon.
  2052 | D:3      | Reached skill level 6 in Maces & Flails
  2219 | D:3      | Found a shattered altar of Ashenzari.
  2636 | D:4      | Reached XP level 6. HP: 39/47 MP: 6/6
  2808 | D:4      | Reached skill level 7 in Maces & Flails
  3135 | D:4      | Reached XP level 7. HP: 41/52 MP: 7/7
  3544 | D:5      | Entered Level 5 of the Dungeon
  3544 | D:5      | Found Kaip Zupn's Book Shop.
  3610 | D:5      | Slain by an ogre

Skill      XL: |  1  2  3  4  5  6 |
---------------+-------------------+-----
Maces & Flails | 4 5 6 7 |  7.8
Fighting       | |  3.0
Armour         | |  2.0
Dodging        | |  2.0

Action                   |  1- 3 |  4- 6 |  7- 9 || total
-------------------------+-------+-------+-------++-------
Melee: Mace              |    99 |   164 |    64 ||   327
Invok: Berserk           |     1 |     2 |     1 ||     4
       Trog's Hand       |       |     1 |       ||     1
 Stab: Sleeping          |     1 |       |       ||     1
  Eat: Chunk             |     1 |     9 |     2 ||    12
Armor: Animal skin       |    13 |       |       ||    13
       Ring mail         |    30 |    40 |       ||    70
       Chain mail        |       |     9 |    35 ||    44
Dodge: Dodged            |    70 |   103 |    27 ||   200
